 Dungeon Crawl Stone Soup version 0.29.0-3-gbb0933ed62 (webtiles) character file.

Game seed: 14026950568735091542

21186 NinjaNoafa the Destroyer (level 13, -9/86 HPs)
             Began as a Human Cinder Acolyte on Aug 24, 2022.
             Was a High Priest of Ignis.
             Hit by a large rock thrown by a cyclops (16 damage)
             ... on level 13 of the Dungeon on Aug 25, 2022.
             The game lasted 01:04:27 (17247 turns).

NinjaNoafa the Destroyer (Human Cinder Acolyte)    Turns: 17247, Time: 01:04:28

Health: -9/86      AC: 18    Str: 20      XL:     13   Next: 18%
Magic:  22/22      EV: 12    Int: 20 (21) God:    Ignis [*****.]
Gold:   347        SH:  0    Dex: 12      Spells: 4/24 levels left

rFire   + + .      SeeInvis .   n - +7 spear "Cikiut" {venom, Int+4}
rCold   + . .      Faith    .   D - orb {*channel}
rNeg    . . .      Spirit   .   o - +3 scale mail "Biariaj" {rF+ Dex+4}
rPois   +          Reflect  .   j - +2 helmet
rElec   .          Harm     .   a - +1 cloak
rCorr   .          Rampage  .   (no gloves)
Will    +....                   B - +1 pair of boots
Stlth   ++........              t - amulet of magic regeneration
HPRegen 0.24/turn               y - ring "Syzycek" {rPois rC+ Will+}
MPRegen 0.58/turn               (no ring)

@: no status effects
A: strong 1, MP-powered wands, sturdy frame 1
a: Renounce Religion, Fiery Armour, Foxfire Swarm, Rising Flame


You were on level 13 of the Dungeon.
You worshipped Ignis.
Ignis was extremely pleased with you.
You visited 2 branches of the dungeon, and saw 14 of its levels.

You collected 806 gold pieces.
You spent 459 gold pieces at shops.

Inventory:

Hand Weapons
 n - the +7 spear "Cikiut" (weapon) {venom, Int+4}
   (You found it on level 4 of the Dungeon)

   It poisons the flesh of those it strikes.
   Int:       It affects your intelligence (+4).
Missiles
 c - 158 stones
 k - 23 poisoned darts
 m - 6 curare-tipped darts
 q - 2 boomerangs
 u - a throwing net
Armour
 a - a +1 cloak (worn)
 j - a +2 helmet (worn)
 o - the +3 scale mail "Biariaj" (worn) {rF+ Dex+4}
   (You found it on level 4 of the Dungeon)

   Dex:       It affects your dexterity (+4).
   rF:        It protects you from fire.
 B - a +1 pair of boots (worn)
 D - an orb of energy (worn)
Jewellery
 t - an amulet of magic regeneration (around neck)
 y - the ring "Syzycek" (left hand) {rPois rC+ Will+}
   (You bought it in a shop on level 6 of the Dungeon)

   [ring of protection from cold]

   rC:        It protects you from cold.
   rPois:     It protects you from poison.
   Will:      It increases your willpower.
Wands
 l - a wand of flame (32)
 v - a wand of paralysis (3)
 w - a wand of mindburst (9)
 A - a wand of roots (7)
Scrolls
 d - 4 scrolls of teleportation
 g - 5 scrolls of amnesia
 h - a scroll of poison
 p - a scroll of vulnerability
 s - a scroll of magic mapping {unknown}
 z - a scroll of identify
 C - a scroll of blinking {unknown}
Potions
 b - a potion of ambrosia
 e - 5 potions of flight
 f - a potion of cancellation
 i - 2 potions of curing
 r - a potion of heal wounds
 x - a potion of magic
 E - a potion of berserk rage {unknown}


   Skills:
 - Level 3.0 Fighting
 - Level 3.0(4.2) Axes
 - Level 4.5(5.0) Polearms
 - Level 7.0 Armour
 - Level 5.0 Dodging
 - Level 5.0 Stealth
 * Level 6.0 Spellcasting
 - Level 9.0 Conjurations
 + Level 6.4 Hexes
 + Level 6.4 Summonings
 - Level 9.0 Fire Magic
 - Level 7.0 Evocations


You had 4 spell levels left.
You knew the following spells:

 Your Spells              Type           Power      Damage    Failure   Level
a - Scorch                Fire           84%        2d9       1%          2
b - Summon Small Mammal   Summ           100%       N/A       1%          1
c - Slow                  Hex            100%       N/A       1%          1
d - Call Canine Familiar  Summ           31%        N/A       4%          3
e - Summon Guardian Gole  Hex/Summ       31%        N/A       4%          3
f - Confusing Touch       Hex            31%        N/A       4%          3
g - Flame Wave            Conj/Fire      42%        2d11      4%          4
h - Inner Flame           Hex/Fire       37%        N/A       2%          3

Your spell library contained the following spells:

 Spells                   Type           Power      Damage    Failure   Level
 Ensorcelled Hibernation  Hex/Ice        36%        N/A       8%          2
 Cause Fear               Hex            15%        N/A       13%         4
 Portal Projectile        Hex/Tloc       36%        N/A       16%         3
 Passwall                 Tmut/Erth      5%         N/A       28%         2
 Sublimation of Blood     Necr           6%         N/A       28%         2
 Leda's Liquefaction      Hex/Erth       9%         N/A       45%         4
 Swiftness                Air            6%         N/A       50%         3
 Vampiric Draining        Necr           6%         2d6       50%         3
 Petrify                  Tmut/Erth      6%         N/A       88%         4
 Irradiate                Conj/Tmut      12%        3d15      63%         5
 Summon Cactus Giant      Summ           15%        N/A       91%         6
 Discord                  Hex            15%        N/A       100%        8


Dungeon Overview and Level Annotations

Branches:
Dungeon (13/15)            Temple (1/1) D:4            Lair (0/5) D:9
    Orc (0/2) D:9
 Vaults: D:13-14

Altars:
Ashenzari
Cheibriados
Dithmenos
Elyvilon
Fedhas
Gozag
Hepliaklqana
Kikubaaqudgha
Makhleb
Nemelex Xobeh
Okawaru
Qazlal
Ru
Sif Muna
Trog
Uskayaw
Vehumet
Wu Jian
Xom
Yredelemnul
Zin
The Shining One

Shops:
D:6 ?:=


Innate Abilities, Weirdness & Mutations

Your muscles are strong. (Str +4, Int/Dex -1)
You expend magic power (3 MP) to strengthen your wands.
Your movements are slightly less encumbered by armour. (ER -2)


Message History

The centaur wields a +0 shortbow.
The centaur shoots an arrow.
The arrow completely misses you.
A centaur comes into view. x3
The centaur shouts!
A centaur comes into view.
The centaur warrior shouts!
The centaur warrior wields a +0 shortbow.
The centaur warrior shoots an arrow.
The arrow hits you.
The centaur wields a +0 shortbow.
The centaur shoots an arrow.
The arrow hits you!
The centaur shoots an arrow.
The arrow misses you.
The centaur shouts!
Cast which spell? (? or * to list)
Casting: Flame Wave (dangerous; 4% risk of failure)
Press: ? - help, Dir - look around, f - activate
Okay, then.
The centaur warrior shoots an arrow.
The arrow hits you!
The centaur shoots an arrow.
The arrow barely misses you.
The centaur shoots an arrow.
The arrow hits you!
The centaur shoots an arrow.
The arrow hits you but does no damage.
The centaur warrior shoots an arrow.
The arrow hits you!
As you read the scroll of teleportation, it crumbles to dust.
You feel strangely unstable.
The centaur wields a +0 shortbow.
The centaur shoots an arrow.
The arrow hits you but does no damage.
The centaur warrior shoots an arrow.
The arrow closely misses you.
The centaur shoots an arrow.
The arrow hits you but does no damage. The troll bites you.
The troll claws you but does no damage. x2
The troll attacks as you move away! The troll bites you!
* * * LOW HITPOINT WARNING * * *
The troll claws you but does no damage. x2
The centaur warrior shoots an arrow.
The arrow hits you!
* * * LOW HITPOINT WARNING * * *
The centaur shoots an arrow.
The arrow closely misses you.
There is a stone staircase leading up, spattered with blood here.
You stop ascending the stairs.
Your surroundings suddenly seem different.
A cyclops comes into view.
Found a book of Weapons and 20 gold pieces.
The cyclops shouts!
The cyclops throws a large rock.
The large rock hits you!
You die...

#############
#...$........
#........C...
#............
#............
#.....:......
#............
#....@.......
#........###+
########+#


You could see a cyclops.

Vanquished Creatures
  2 boulder beetles (D:11)
  A two-headed ogre (D:12)
  Pikel (D:4)
  A manticore (D:12)
  An ugly thing (D:12)
  An unseen horror (D:10)
  2 komodo dragons (D:9)
  A troll (D:10)
  Grinder (D:3)
  Prince Ribbit (D:5)
  Sigmund (D:6)
  2 shadows
  21 yaks
  A basilisk (D:9)
  3 vampire mosquitoes (D:12)
  Edmund (D:4)
  2 acid dragons
  2 water moccasins
  4 orc warriors
  3 ice beasts
  An ogre (D:12)
  3 wolves (D:9)
  5 centaurs
  3 phantoms
  A kobold brigand (D:9)
  A necrophage (D:6)
  3 bullfrogs
  A gnoll sergeant (D:10)
  A scorpion (D:5)
  12 killer bees
  An electric eel (D:6)
  A howler monkey (D:4)
  A vampire bat (D:6)
  11 orc priests
  A jelly (D:6)
  A gnoll bouda (D:8)
  2 hounds (D:5)
  Jessica (D:2)
  4 iguanas
  16 orc wizards
  5 ogre zombies (D:9)
  9 gnolls
  11 adders
  A shadow imp (D:8)
  A white imp (D:6)
  4 ufetubi
  3 worms
  3 dart slugs
  34 orcs
  6 ball pythons
  2 bat skeletons (D:6)
  2 bat zombies (D:6)
  8 endoplasms
  2 giant cockroaches
  7 goblins
  9 hobgoblins
  3 jackals (D:3)
  11 kobolds
  4 quokkas
  9 bats
  4 frilled lizards
  A goblin skeleton (D:9)
  A goblin zombie (D:9)
  3 hobgoblin zombies (D:9)
  11 orc zombies (D:9)
  7 rats
283 creatures vanquished.

Vanquished Creatures (collateral kills)
  A two-headed ogre (D:10)
  A slime creature (D:8)
  3 yaks
  A steam dragon (D:7)
  An acid dragon (D:9)
  A water moccasin (D:5)
  An ice beast (D:8)
  2 bullfrogs
  A necrophage (D:7)
  A vampire bat (D:6)
  2 orc priests
  An orc wizard (D:8)
  An ogre zombie (D:9)
  A gnoll (D:8)
  A worm (D:5)
  7 orcs
  A bat skeleton (D:6)
  A frilled lizard (D:3)
  A goblin (D:7)
  2 orc zombies (D:9)
31 creatures vanquished.

Vanquished Creatures (others)
  Erolcha (D:9)
  An ogre mage (D:12)
  3 two-headed ogres
  A manticore (D:11)
  2 gargoyles
  2 trolls (D:10)
  A wyvern (D:9)
  6 yaks
  A shadow (D:10)
  A steam dragon (D:9)
  A basilisk (D:9)
  Grum (D:9)
  An acid dragon (D:11)
  3 ogres (D:12)
  A wolf (D:9)
  An orc wizard (D:9)
  3 orcs
  14 foxfires (D:11)
44 creatures vanquished.

Grand Total: 358 creatures vanquished

Notes
Turn   | Place    | Note
-------+----------+-------------------------------------------
     0 | D:1      | NinjaNoafa the Human Cinder Acolyte began the quest for the
                  | Orb.
     0 | D:1      | Reached XP level 1. HP: 18/18 MP: 2/2
   282 | D:1      | Reached XP level 2. HP: 21/24 MP: 4/4
   282 | D:1      | Found a faded altar of an unknown god.
  1009 | D:1      | Reached XP level 3. HP: 22/29 MP: 5/5
  1161 | D:1      | Learned a level 2 spell: Scorch
  1609 | D:2      | Noticed Jessica
  1616 | D:2      | Killed Jessica
  1617 | D:2      | Reached XP level 4. HP: 21/35 MP: 0/7
  2151 | D:2      | Gained mutation: Your muscles are strong. (Str +4, Int/Dex
                  | -1) [potion of mutation]
  2151 | D:2      | Gained mutation: You expend magic power (3 MP) to
                  | strengthen your wands. [potion of mutation]
  2151 | D:2      | Gained mutation: Your movements are slightly less
                  | encumbered by armour. (ER -2) [potion of mutation]
  2181 | D:2      | Reached XP level 5. HP: 4/41 MP: 0/8
  2568 | D:2      | Reached skill level 1 in Summonings
  3401 | D:3      | Reached skill level 5 in Fire Magic
  3930 | D:3      | Noticed Grinder
  3939 | D:3      | Killed Grinder
  3940 | D:3      | Reached XP level 6. HP: 41/47 MP: 1/9
  4030 | D:3      | Learned a level 1 spell: Summon Small Mammal
  4150 | D:3      | Found a broken altar of Ashenzari.
  4417 | D:3      | Reached XP level 7. HP: 52/52 MP: 5/10
  4660 | D:4      | Identified the +7 spear "Cikiut" {venom, Int+4}
  4672 | D:4      | Noticed Pikel
  4698 | D:4      | Killed Pikel
  4699 | D:4      | Reached skill level 5 in Hexes
  4699 | D:4      | Reached skill level 5 in Summonings
  4699 | D:4      | Reached skill level 1 in Evocations
  4699 | D:4      | Reached XP level 8. HP: 16/58 MP: 1/11
  4962 | D:4      | Learned a level 1 spell: Slow
  5084 | D:4      | Identified the +3 scale mail "Biariaj" {rF+ Dex+4}
  5337 | D:4      | Found a staircase to the Ecumenical Temple.
  5359 | D:4      | Reached skill level 1 in Armour
  5359 | D:4      | Reached skill level 1 in Dodging
  6092 | D:4      | Noticed Edmund
  6105 | D:4      | Killed Edmund
  6311 | Temple   | Entered the Ecumenical Temple
  6554 | D:5      | Entered Level 5 of the Dungeon
  6804 | D:5      | Reached XP level 9. HP: 58/63 MP: 7/12
  7070 | D:5      | Noticed Prince Ribbit
  7078 | D:5      | Killed Prince Ribbit
  7348 | D:5      | Found a sparkling altar of Nemelex Xobeh.
  7902 | D:6      | Found an iron altar of Okawaru.
  8327 | D:6      | Learned a level 3 spell: Call Canine Familiar
  8466 | D:6      | Noticed Sigmund
  8475 | D:6      | Killed Sigmund
  8756 | D:6      | Found Toocw's Magic Scroll Shop.
  8828 | D:6      | Found Vonliec's Book Boutique.
  8831 | D:6      | Found Pisiemy's Jewellery Shop.
  9024 | D:6      | Found an ancient bone altar of Kikubaaqudgha.
  9035 | D:6      | Reached XP level 10. HP: 70/70 MP: 5/16
  9264 | D:7      | Reached skill level 1 in Stealth
  9324 | D:7      | Found a flagged portal.
  9362 | D:7      | Reached skill level 1 in Conjurations
  9849 | D:7      | Upgraded the game from 0.29.0 to 0.29.0-3-gbb0933ed62
 10061 | D:7      | Found a shimmering blue altar of Sif Muna.
 10368 | D:8      | Found a hazy altar of Hepliaklqana.
 10368 | D:8      | Found a bloodstained altar of Trog.
 10369 | D:8      | Found a burning altar of Makhleb.
 10647 | D:8      | Reached skill level 5 in Armour
 10647 | D:8      | Reached skill level 5 in Dodging
 11300 | D:8      | Found a blossoming altar of Fedhas.
 11479 | D:6      | Bought the ring "Syzycek" {rPois rC+ Will+} for 459 gold
                  | pieces
 11570 | D:9      | Reached skill level 5 in Conjurations
 11573 | D:9      | Reached XP level 11. HP: 44/75 MP: 1/17
 11714 | D:9      | Found a staircase to the Orcish Mines.
 11744 | D:9      | Reached skill level 1 in Polearms
 11997 | D:9      | Reached skill level 5 in Spellcasting
 12001 | D:9      | Learned a level 3 spell: Summon Guardian Golem
 12418 | D:9      | Found a staircase to the Lair.
 13039 | D:9      | Noticed Grum
 13049 | D:9      | Killed Grum
 13139 | D:9      | Noticed Erolcha
 13150 | D:9      | Killed Erolcha
 13357 | D:9      | Found a hide-covered altar of Uskayaw.
 13708 | D:10     | Entered Level 10 of the Dungeon
 13828 | D:10     | Noticed a two-headed ogre
 13838 | D:10     | Killed a two-headed ogre
 13839 | D:10     | Reached skill level 5 in Stealth
 13839 | D:10     | Reached XP level 12. HP: 81/81 MP: 8/20
 13891 | D:10     | Found a radiant altar of Vehumet.
 14104 | D:10     | Identified the +1 ring mail of the Other World {Dex+4}
 14363 | D:10     | Noticed a two-headed ogre
 14372 | D:10     | Killed a two-headed ogre
 14373 | D:10     | Reached skill level 5 in Evocations
 14972 | D:11     | Noticed a boulder beetle
 15112 | D:10     | Learned a level 3 spell: Confusing Touch
 15202 | D:11     | Killed a boulder beetle
 15570 | D:11     | Noticed a boulder beetle
 15589 | D:11     | Killed a boulder beetle
 16351 | D:12     | Noticed a two-headed ogre
 16357 | D:12     | Noticed a two-headed ogre
 16357 | D:12     | Noticed an ogre mage
 16390 | D:12     | Noticed a two-headed ogre
 16596 | D:12     | Killed a two-headed ogre
 16596 | D:12     | Killed an ogre mage
 16597 | D:12     | Reached XP level 13. HP: 76/86 MP: 7/22
 16952 | D:12     | Learned a level 4 spell: Flame Wave
 16996 | D:12     | Identified a scroll of acquirement
 16997 | D:12     | Acquired a book of Hexes
 17019 | D:12     | Learned a level 3 spell: Inner Flame
 17239 | D:13     | Noticed a centaur warrior
 17247 | D:13     | Hit by a large rock thrown by a cyclops

Illustrated notes

Levels and vault maps discovered:
D:1:      evilmike_arrival_fibonacci_small, layout_basic,
          hellmonk_ecumenical_altar_run_dry
D:2:      minmay_alternating_diamond, layout_basic, uniq_jessica
D:3:      layout_loops_ring, mainiacjoe_overflow_brackets, uniq_grinder
D:4:      layout_loops_corners, temple_pool_b, mrwooster_statue_mirror,
          uniq_pikel, uniq_edmund
D:5:      layout_basic, nemelex_xobeh_ov_fountains_minmay,
          hangedman_abyss_or_decor_stagger, minmay_fountain_box,
          chequers_serial_rivers_large_b, uniq_prince_ribbit1
D:6:      layout_rooms, lemuel_tele_altar, kennysheep_vampire_church, hex_large,
          chequers_serial_rivers_small_a, nicolae_wooded_promenade, uniq_sigmund
D:7:      layout_loops_ring, lemuel_coloured_pillars_altar, enter_bailey_5
D:8:      layout_rooms, fedhas_altar_4, gammafunk_temple_overflow_forgotten,
          minmay_fractal_squares_gapless_5
D:9:      layout_loops_ring, nicolae_uskayaw_suspiria, erik_lair_dragon,
          zombieorc1_lemuel, uniq_grum, uniq_erolcha
D:10:     layout_loops_ring, fiery_altar_vehumet, kennysheep_generic_room_7
D:11:     layout_cave_pools, minmay_misc_feat_rows, minmay_misc_feat_roman
D:12:     layout_cave_pools, dreamdust_wishing_well
D:13:     layout_irregular_city
Temple:   minmay_temple_curvy_loop

Skill      XL: |  1  2  3  4  5  6  7  8  9 10 11 12 13 |
---------------+----------------------------------------+-----
Spellcasting   | 2 4 5 6 |  6.0
Fire Magic     | 4 5 6 7 8 9 |  9.0
Summonings     | 4 5 6 |  6.4
Hexes          | 5 6 |  6.4
Evocations     | 1 3 4 7 |  7.0
Armour         | 3 4 6 7 |  7.0
Dodging        | 3 4 5 |  5.0
Stealth        | 4 5 |  5.0
Conjurations   | 5 7 8 9 |  9.0
Polearms       | 3 4 |  4.5
Fighting       | |  3.0
Axes           | |  3.0

Action                   |  1- 3 |  4- 6 |  7- 9 | 10-12 | 13-15 || total
-------------------------+-------+-------+-------+-------+-------++-------
Melee: Hand axe          |    52 |    34 |       |       |       ||    86
       Punch             |     1 |     1 |     1 |     3 |       ||     6
       Spear             |       |       |    83 |   192 |     8 ||   283
Throw: Dart              |       |       |     3 |       |       ||     3
 Cast: Scorch            |     7 |    55 |    80 |   266 |     5 ||   413
       Summon Small Mamm |       |     4 |    37 |    52 |     2 ||    95
       Slow              |       |       |     7 |     7 |       ||    14
       Call Canine Famil |       |       |     4 |    40 |     2 ||    46
       Summon Guardian G |       |       |       |    30 |     2 ||    32
       Confusing Touch   |       |       |       |     1 |       ||     1
Invok: Fiery Armour      |       |       |     1 |       |       ||     1
       Foxfire Swarm     |       |       |       |     1 |       ||     1
Evoke: Wand              |       |       |     7 |    10 |       ||    17
  Use: Scroll            |       |     5 |     8 |    11 |     4 ||    28
       Potion            |       |     3 |     5 |    12 |       ||    20
 Stab: Distracted        |       |       |       |     2 |       ||     2
Armor: Robe              |    12 |    26 |     2 |       |       ||    40
       Scale mail        |       |       |    83 |   205 |    12 ||   300
       Skin              |       |       |    16 |       |       ||    16
Dodge: Dodged            |    37 |    44 |    92 |   228 |    13 ||   414
